 Dungeon Sprint DCSS version 0.22.0-21-g8bd1b0a (webtiles) character file.

13300000 poirepourri the Middleweight Champion (level 27, -34/273 HPs)
             Began as a Ghoul Gladiator on Aug 19, 2018.
             Was the Champion of Makhleb.
             Annihilated by a fleshlord
             ... wielding a +9 great mace
              (270 damage)
             ... in the Dungeon (Sprint VIII: "Arena of Blood").
             The game lasted 00:02:34 (133 turns).

poirepourri the Middleweight Champion (GhGl)         Turns: 133, Time: 00:02:35

Health: -34/273    AC:  8    Str: 22    XL:     27
Magic:  47/53      EV: 34    Int:  3    God:    Makhleb [******]
Gold:   0          SH:  0    Dex: 19    Spells: 80/80 levels left

rFire    . . .     SeeInvis .   k - +∞ Axe of Woe
rCold    + . .     Gourm    .   (shield currently unavailable)
rNeg     + + +     Faith    .   a - +0 leather armour
rPois    ∞         Spirit   .   b - +0 helmet
rElec    .         Reflect  .   (no cloak)
rCorr    .         Harm     .   (no gloves)
MR       ++...     NoTele   +   (no boots)
Stlth    +++++++++.             (no amulet)
HPRegen  0.00/turn              (no ring)
MPRegen  0.33/turn              (no ring)

@: rotting, slowed, very slow
A: rotting body, claws 1, carnivore, cold resistance 1, negative energy
resistance 3, inhibited regeneration, torment resistance, unbreathing
a: Minor Destruction, Lesser Servant of Makhleb, Major Destruction, Greater
Servant of Makhleb, Renounce Religion


You were in the Dungeon.
You worshipped Makhleb.
Makhleb was exalted by your worship.
You were not hungry.

You visited 1 branch

Inventory:

Hand Weapons
 k - the +∞ Axe of Woe (weapon)
   (You found it in the Dungeon)
Missiles
 c - 3 throwing nets (quivered)
Armour
 a - a +0 leather armour (worn)
 b - a +0 helmet (worn)
Jewellery
 l - a +30 ring of slaying
 m - a +200 ring of slaying
Scrolls
 j - a scroll of blinking
Potions
 e - a potion of curing
 f - a potion of heal wounds
 g - a potion of haste
 h - 2 potions of magic
 i - a potion of berserk rage
Comestibles
 d - a ration


   Skills:
 O Level 27 Fighting
 O Level 27 Axes
 O Level 27 Throwing
 O Level 27 Armour
 O Level 27 Dodging
 O Level 27 Stealth
 O Level 27 Unarmed Combat
 O Level 27 Spellcasting
 O Level 27 Invocations


You had 80 spell levels left.
You didn't know any spells.
Your spell library was empty.

Dungeon Overview and Level Annotations

Branches:
Dungeon (1/1)

Altars:
Makhleb


Innate Abilities, Weirdness & Mutations

Your body is rotting away.
You thrive on raw meat.
You are immune to poison.
You have sharp fingernails.
You are carnivorous and can eat meat at any time.
Your flesh is cold resistant. (rC+)
You are immune to negative energy. (rN+++)
You do not regenerate when monsters are visible.
You are immune to unholy pain and torment.
You can survive without breathing.


Message History

The fleshlord seems to speed up.
You hear a shout!
The corpses begin to drag themselves along the ground!
The dread moves out of view.
An orc and a crawling corpse come into view.
A bag of meat comes into view. It is wielding a +9 war axe.
You hear a shout!
A meat berserker comes into view. It is wielding a +9 battleaxe.
You hear a shout! x2
An eight-headed meat hydra comes into view.
You hear a shout!
Two crawling corpses merge to form a small abomination.
You hear a shout!
The accursed casts a spell at you. Something smites you!
You hear a shout!
The meat berserker rages.
The fleshlord hits you with a +9 great mace!!!!!
Ouch! That really hurt!
You die...

...........
........%..
....O...{.
#.%z....# ..
#...o..O# .§
%..###..§..W.###oO.
.....p))###D.o.Xo..
#.....)%o§§SOoOXo..
......#))§@§#xLMWo
......#_)xp_#


Sz. ..... #))§pz# o #........_)..xo... .......%###....... ...###... ..%###.. .
#... ..M# . #%.. ...# ....o.... You could see an accursed, an eight-headed meat
hydra, a scourge, 3 fleshlords, a sculptor of flesh, a large bag of meat (inner
flame), 2 large abominations, a dread, 3 meat berserkers, a small abomination
and 6 bags of meat.

Vanquished Creatures
  A hell knight (D)
  Sigmund (D)
  7 hell beasts (D)
  Edmund (D)
  3 greater mummies (D)
  2 great orbs of eyes (D)
  2 wraiths (D)
  12 vampire knights (D)
  27 ogres (D)
  7 two-headed ogres (D)
  4 liches (D)
  7 hydras (D)
  47 orcs (D)
  A phantom (D)
  3 skeletal warriors (D)
  A sea snake (D)
  8 small abominations (D)
  4 large abominations (D)
  11 crawling corpses (D)
149 creatures vanquished.

Vanquished Creatures (others)
  5 crawling corpses (D)
5 creatures vanquished.

Grand Total: 154 creatures vanquished

Notes
Turn   | Place    | Note
-------+----------+-------------------------------------------
     0 | D        | Found the +∞ Axe of Woe
     0 | D        | poirepourri the Ghoul Gladiator began the quest for the Orb.
     0 | D        | Reached XP level 1. HP: 17/17 MP: 0/0
     2 | D        | Noticed a bag of meat
     4 | D        | Became a worshipper of Makhleb the Destroyer
     4 | D        | Noticed a meat berserker
     6 | D        | Noticed a meat berserker
     7 | D        | Noticed a bag of meat
     9 | D        | Killed a meat berserker
     9 | D        | Reached XP level 2. HP: 42/42 MP: 1/1
     9 | D        | Reached XP level 3. HP: 49/49 MP: 2/2
     9 | D        | Reached XP level 4. HP: 57/57 MP: 3/3
     9 | D        | Reached XP level 5. HP: 63/63 MP: 4/4
     9 | D        | Reached XP level 6. HP: 71/71 MP: 5/5
     9 | D        | Reached XP level 7. HP: 78/78 MP: 6/6
     9 | D        | Reached XP level 8. HP: 85/85 MP: 7/7
     9 | D        | Reached XP level 9. HP: 92/92 MP: 8/8
     9 | D        | Reached XP level 10. HP: 100/100 MP: 9/9
     9 | D        | Reached XP level 11. HP: 106/106 MP: 10/10
     9 | D        | Reached XP level 12. HP: 113/113 MP: 11/11
     9 | D        | Reached XP level 13. HP: 119/119 MP: 12/12
     9 | D        | Noticed a bag of meat
    10 | D        | Killed a meat berserker
    10 | D        | Reached * piety under Makhleb
    10 | D        | Reached XP level 14. HP: 133/133 MP: 13/13
    10 | D        | Killed a bag of meat
    10 | D        | Reached skill level 15 in Fighting
    10 | D        | Reached XP level 15. HP: 143/143 MP: 14/14
    13 | D        | Reached ** piety under Makhleb
    13 | D        | Reached skill level 27 in Unarmed Combat
    13 | D        | Reached XP level 16. HP: 155/155 MP: 15/15
    13 | D        | Noticed a large bag of meat
    14 | D        | Reached skill level 15 in Throwing
    15 | D        | Reached *** piety under Makhleb
    15 | D        | Reached skill level 15 in Axes
    15 | D        | Reached skill level 27 in Dodging
    15 | D        | Reached XP level 17. HP: 170/170 MP: 16/16
    17 | D        | Reached XP level 18. HP: 188/188 MP: 17/17
    18 | D        | Noticed a meat berserker
    18 | D        | Noticed a large bag of meat
    20 | D        | Reached **** piety under Makhleb
    21 | D        | Noticed a large bag of meat
    21 | D        | Noticed a destroyer
    22 | D        | Killed a large bag of meat
    23 | D        | Reached XP level 19. HP: 204/204 MP: 18/18
    24 | D        | Killed a meat berserker
    24 | D        | Reached skill level 27 in Fighting
    24 | D        | Reached skill level 27 in Axes
    24 | D        | Reached ***** piety under Makhleb
    26 | D        | Killed a large bag of meat
    26 | D        | Reached skill level 27 in Throwing
    26 | D        | Reached XP level 20. HP: 216/216 MP: 19/19
    27 | D        | Killed a destroyer
    27 | D        | Reached skill level 15 in Invocations
    27 | D        | Noticed a meat berserker
    28 | D        | Killed a large bag of meat
    28 | D        | Reached skill level 15 in Armour
    28 | D        | Reached XP level 21. HP: 224/224 MP: 19/38
    29 | D        | Noticed a large bag of meat
    29 | D        | Noticed an eight-headed meat hydra
    29 | D        | Noticed a destroyer
    29 | D        | Noticed a destroyer
    30 | D        | Reached skill level 15 in Spellcasting
    30 | D        | Noticed a large bag of meat
    31 | D        | Noticed a destroyer
    32 | D        | Killed a destroyer
    33 | D        | Killed a meat berserker
    33 | D        | Reached ****** piety under Makhleb
    33 | D        | Reached XP level 22. HP: 233/233 MP: 20/45
    34 | D        | Killed a destroyer
    34 | D        | Reached skill level 27 in Stealth
    34 | D        | Reached skill level 27 in Invocations
    36 | D        | Reached XP level 23. HP: 240/240 MP: 20/51
    36 | D        | Reached skill level 27 in Armour
    36 | D        | Noticed a destroyer
    37 | D        | Reached skill level 27 in Spellcasting
    37 | D        | Killed a large bag of meat
    39 | D        | Killed a destroyer
    39 | D        | Reached XP level 24. HP: 249/249 MP: 21/53
    40 | D        | Noticed a destroyer
    42 | D        | Killed a large bag of meat
    43 | D        | Reached XP level 25. HP: 257/257 MP: 22/53
    44 | D        | Killed a destroyer
    46 | D        | Noticed a tyrant
    50 | D        | Killed a tyrant
    50 | D        | Reached XP level 26. HP: 266/266 MP: 24/53
    50 | D        | Killed a destroyer
    50 | D        | Noticed an accursed
    54 | D        | Noticed a tyrant
    54 | D        | Noticed a destroyer
    55 | D        | Noticed a destroyer
    55 | D        | Noticed a destroyer
    56 | D        | Reached XP level 27. HP: 243/273 MP: 26/53
    58 | D        | Killed a destroyer
    58 | D        | Noticed a meat beast
    60 | D        | Killed a meat beast
    60 | D        | Killed a destroyer
    61 | D        | Killed an accursed
    65 | D        | Noticed a destroyer
    66 | D        | Killed a destroyer
    70 | D        | Noticed a dread
    71 | D        | Killed a destroyer
    75 | D        | Noticed a meat beast
    80 | D        | Killed a dread
    80 | D        | Killed a meat beast
    87 | D        | Noticed a meat beast
    91 | D        | Killed a meat beast
    92 | D        | Noticed a tyrant
    95 | D        | Noticed an accursed
    96 | D        | Noticed a meat beast
    99 | D        | Noticed an accursed
    99 | D        | Noticed a dread
   100 | D        | Noticed a large bag of meat
   100 | D        | Noticed The Captor
   100 | D        | Noticed an accursed
   101 | D        | Noticed a tyrant
   105 | D        | Killed a meat beast
   106 | D        | Noticed a destroyer
   109 | D        | Killed a tyrant
   111 | D        | Killed a large bag of meat
   112 | D        | Killed The Captor
   112 | D        | Noticed a large bag of meat
   113 | D        | Killed a destroyer
   113 | D        | Killed an accursed
   113 | D        | Noticed The Defiler
   116 | D        | Killed an accursed
   117 | D        | Noticed a tyrant
   117 | D        | Noticed a meat beast
   117 | D        | Noticed a meat beast
   119 | D        | Noticed a destroyer
   120 | D        | Killed a meat beast
   120 | D        | Noticed a meat beast
   120 | D        | Noticed a fleshlord
   122 | D        | Killed a meat beast
   122 | D        | Killed The Defiler
   124 | D        | Noticed an accursed
   124 | D        | Noticed a large bag of meat
   126 | D        | Noticed a tyrant
   126 | D        | Noticed a dread
   126 | D        | Noticed a fleshlord
   127 | D        | Killed a tyrant
   127 | D        | Killed a tyrant
   127 | D        | Killed a destroyer
   127 | D        | Killed a meat beast
   129 | D        | Killed a fleshlord
   129 | D        | Killed a large bag of meat
   129 | D        | Noticed a dread
   129 | D        | Noticed a fleshlord
   130 | D        | Killed a dread
   130 | D        | Noticed a dread
   131 | D        | Noticed a fleshlord
   132 | D        | Noticed an accursed
   133 | D        | Annihilated by a fleshlord

Skill      XL: |  1  2  3  4  5  6  7  8  9 10 11 12 13 14 15 16 17 18 19 20 21 22 23 |
---------------+----------------------------------------------------------------------+-----
Fighting       | 12 14 15 17 19 23 26 27 | 27.0
Axes           | 4 6 7 9 15 20 26 27 | 27.0
Throwing       | 11 12 13 14 16 18 20 27 | 27.0
Dodging        | 18 21 22 24 27 | 27.0
Unarmed Combat | 21 24 25 27 | 27.0
Armour         | 15 21 26 27 | 27.0
Stealth        | 19 26 27 | 27.0
Spellcasting   | 14 20 25 27 | 27.0
Invocations    | 18 24 27 | 27.0

Action                   |  1- 3 |  4- 6 |  7- 9 | 10-12 | 13-15 | 16-18 | 19-21 | 22-24 | 25-27 || total
-------------------------+-------+-------+-------+-------+-------+-------+-------+-------+-------++-------
Melee: Executioner's axe |     1 |       |       |       |     3 |     7 |     8 |     8 |    57 ||    84
Armor: Leather armour    |       |       |       |       |       |       |       |       |     7 ||     7
Dodge: Dodged            |       |       |       |       |       |     1 |       |       |     9 ||    10
